AoeStats
← Tebini Koppini

Arena

510368772Analyzed
1v1 RM · 22h ago on Sep 30, 2026· 57m 9s· 2 players
Game mode
Random Map
Map size
Tiny (2 player)
Population
200
Speed
Normal
Resources
Standard
Victory
Conquest
Starting age
Dark Age
Ending age
Imperial Age
RankedLock teamsTeams togetherTeam positionsShared explorationLock speedFull tech treeHidden civsTurbo modeCheats
Victory
Defeat
🇨🇦 Jurchens · Canada
1660
+15
🇦🇷 Koreans · Argentina
1648
-15
Tebini Koppini
11:08 Feudal Age
14:50 Castle Age
13:10 Double-Bit Axe
13:08 Horse Collar
15:16 Fletching
15:58 Bodkin Arrow
22:06 Loom
22:18 Loom
25:24 Bow Saw
28:53 Ballistics
31:25 Imperial Age
30:17 Heavy Plow
30:42 Devotion
30:54 Gold Mining
31:34 Stone Mining
32:06 Bracer
32:22 Eupseong
35:02 Chemistry
36:19 Crossbowman
37:04 Thumb Ring
37:25 Arbalester
39:00 Wheelbarrow
38:11 Town Watch
45:30 Hand Cart
47:03 Two-Man Saw
46:14 Light Cavalry
47:06 Scale Barding Armor
47:29 Husbandry
47:27 Elite Skirmisher
48:51 Chain Barding Armor
51:44 Forging
53:10 Hussar
54:25 Murder Holes
AnTeK
10:44 Feudal Age
12:05 Double-Bit Axe
14:21 Castle Age
12:19 Horse Collar
13:12 Fletching
15:16 Bow Saw
17:43 Padded Archer Armor
19:26 Bodkin Arrow
22:23 Wheelbarrow
22:01 Gold Mining
22:45 Sanctity
22:21 Loom
24:46 Heavy Plow
24:49 Stone Mining
26:02 Gold Shaft Mining
26:41 Hand Cart
26:12 Town Watch
27:25 Fervor
30:50 Imperial Age
30:20 Bloodlines
30:10 Husbandry
30:30 Scale Barding Armor
31:05 Elite Steppe Lancer
32:07 Chain Barding Armor
31:53 Bracer
32:56 Chemistry
33:17 Chain Barding Armor
33:43 Ballistics
33:03 Treadmill Crane
34:01 Leather Archer Armor
35:34 Ring Archer Armor
35:40 Block Printing
36:18 Heavy Cavalry Archer
38:39 Masonry
40:32 Two-Man Saw
40:03 Crop Rotation
40:18 Conscription
40:01 Fortified Bastions
41:07 Plate Barding Armor
41:24 Siege Engineers
41:43 Forging
44:04 Iron Casting
43:26 Elite Skirmisher
45:10 Stone Shaft Mining
46:54 Blast Furnace
45:17 Light Cavalry
46:49 Hussar
50:35 Thunderclap Bombs
52:48 Hoardings
55:21 Sappers
Connection lost

Rejoining the realm…

Still unreachable

The connection could not be restored.

Session expired

The server has moved on; the page needs a fresh start.